 Dungeon Crawl Stone Soup version 0.27.1-33-g824d729ab1 (webtiles) character file.

Game seed: 602968078806582344

46 zeram the Sneak (level 3, -3/21 HPs)
             Began as an Octopode Enchanter on Dec 20, 2021.
             Slain by Sigmund (13 damage)
             ... on level 2 of the Dungeon.
             The game lasted 00:02:09 (1864 turns).

zeram the Sneak (Octopode Enchanter)                Turns: 1864, Time: 00:02:11

Health: -3/21      AC:  1    Str:  7    XL:     3   Next: 66%
Magic:  6/6        EV: 13    Int: 18    God:
Gold:   107        SH:  0    Dex: 12    Spells: 5/6 levels left

rFire    . . .     SeeInvis .   a - +1 dagger
rCold    . . .     Faith    .   (no shield)
rNeg     . . .     Spirit   .   (helmet restricted)
rPois    .         Reflect  .   (no amulet)
rElec    .         Harm     .   (no ring)
rCorr    .         Rampage  .   (no ring)
Will     .....                  (no ring)
Stlth    ++++......             (no ring)
HPRegen  0.07/turn              (no ring)
MPRegen  0.10/turn              (no ring)
                                (no ring)
                                (no ring)

@: no status effects
A: almost no armour, amphibious, 8 rings, camouflage 1, gelatinous body 1,
(nimble swimmer 1), tentacles
a: no special abilities


You were on level 2 of the Dungeon.
You visited 1 branch of the dungeon, and saw 2 of its levels.

You collected 107 gold pieces.

Inventory:

Hand Weapons
 a - a +1 dagger (weapon)
Jewellery
 b - a ring of resist corrosion


   Skills:
 - Level 1.0 Short Blades
 - Level 2.0 Dodging
 + Level 6.3 Stealth
 - Level 2.0 Spellcasting
 - Level 3.0 Hexes


You had 5 spell levels left.
You knew the following spells:

 Your Spells              Type           Power      Damage    Failure   Level
a - Corona                Hex            13%        N/A       5%          1

Your spell library contained the following spells:

 Spells                   Type           Power      Damage    Failure   Level
 Ensorcelled Hibernation  Hex/Ice        14%        N/A       14%         2
 Confusing Touch          Hex            12%        N/A       16%         3
 Tukima's Dance           Hex            12%        N/A       16%         3
 Dazzling Flash           Conj/Hex       14%        N/A       28%         3


Dungeon Overview and Level Annotations

Branches:
Dungeon (2/15)

Altars:

Annotations:
D:2 Sigmund


Innate Abilities, Weirdness & Mutations

You cannot wear most types of armour.
You are amphibious.
You can wear up to eight rings at the same time.
Your skin changes colour to match your surroundings (Stealth+).
Your rubbery body absorbs attacks. (AC +1, EV +1)
((You are camouflaged near water. (Stealth+)))
You have tentacles for arms and can constrict up to eight enemies at once.


Message History

The jackal bites you.
You hit the jackal.
You kill the jackal!
Found an agate ring.
The frilled lizard closely misses you. The jackal barely misses you.
Sigmund mumbles some strange words.
Sigmund flickers and vanishes!
Deactivating autopickup; reactivate with Ctrl-A.
The jackal barely misses you. The jackal bites you.
An endoplasm comes into view.
Found 9 sling bullets.
You aren't carrying any potions.
The helpless endoplasm fails to defend itself.
You impale the endoplasm!!
You kill the endoplasm!
The frilled lizard barely misses you.
You see here 9 sling bullets.
The frilled lizard barely misses you. The jackal bites you.
You closely miss the jackal. You grab the jackal. You constrict the jackal.
The jackal misses you. x2
You hit the jackal.
The jackal is heavily wounded.
You constrict the jackal, but do no damage.
The jackal closely misses you. Something hits you.
You hit the jackal but do no damage.
The jackal is heavily wounded.
You constrict the jackal, but do no damage.
The jackal bites you.
You hit the jackal.
The jackal is almost dead.
You constrict the jackal.
You kill the jackal!
Something hits you.
You closely miss the frilled lizard. You grab the frilled lizard.
You constrict the frilled lizard. The frilled lizard bites you.
Something hits you!
Ouch! That really hurt!
You die...

#...# ....# #.
#...#... ###
#.....# #.. .....#
#.# ...!# #.# w####
#.# ## #.# # #@# ##
#########l##
.#######..........#
......w...........#
.#######...(......#
.# ############ .#
.######## ........#


You could see a frilled lizard.

Vanquished Creatures
  A dart slug (D:2)
  2 ball pythons (D:1)
  4 endoplasms
  3 giant cockroaches (D:1)
  6 goblins
  9 jackals
  A quokka (D:1)
  4 bats
  A frilled lizard (D:1)
  4 kobolds
  3 rats (D:1)
38 creatures vanquished.

Notes
Turn   | Place    | Note
-------+----------+-------------------------------------------
     0 | D:1      | zeram the Octopode Enchanter began the quest for the Orb.
     0 | D:1      | Reached XP level 1. HP: 11/11 MP: 3/3
   328 | D:1      | Reached XP level 2. HP: 8/17 MP: 5/5
   333 | D:1      | Reached skill level 5 in Stealth
  1059 | D:1      | Reached XP level 3. HP: 16/21 MP: 6/6
  1199 | D:1      | Found a faded altar of an unknown god.
  1405 | D:1      | Reached skill level 6 in Stealth
  1830 | D:2      | Noticed Sigmund
  1864 | D:2      | Slain by Sigmund

Illustrated notes

Levels and vault maps discovered:
D:1:      zaba_arrival_water, layout_basic, hellmonk_ecumenical_altar_run_dry
D:2:      layout_rooms, uniq_sigmund

Skill      XL: |  1  2  3 |
---------------+----------+-----
Stealth        | 5 6 |  6.3
Short Blades   | |  1.0
Dodging        | |  2.0
Spellcasting   | |  2.0
Hexes          | |  3.0

Action                   || total
-------------------------++-------
Melee: Dagger            ||    92
       Constrict         ||    23
       Tentacles         ||    13
  Use: Scroll            ||     2
 Stab: Sleeping          ||     9
Armor: Skin              ||     9
Dodge: Dodged            ||    70
